 Dungeon Crawl Stone Soup version 0.21.1-1-g345015f (webtiles) character file.

2 prawnwizard the Sneak (level 1, 2/9 HPs)
             Began as a Spriggan Enchanter on June 28, 2018.
             Got out of the dungeon alive.
             The game lasted 00:00:52 (69 turns).

prawnwizard the Sneak (Spriggan Enchanter)            Turns: 69, Time: 00:00:53

Health: 2/9        AC:  2    Str:  4    XL:     1   Next: 33%
Magic:  5/5        EV: 18    Int: 16    God:
Gold:   0          SH:  0    Dex: 16    Spells: 4/5 levels left

rFire    . . .     SeeInvis +   a - +1 dagger
rCold    . . .     Gourm    .   (shield restricted)
rNeg     . . .     Faith    .   b - +0 robe
rPois    .         Spirit   .   (helmet restricted)
rElec    .         Reflect  .   (no cloak)
rCorr    .         Harm     .   (gloves unavailable)
MR       .....                  (boots unavailable)
Stlth    +++.......             (no amulet)
HPRegen  0.03/turn              (no ring)
MPRegen  0.09/turn              (no ring)

@: very quick
A: very small, unfitting armour, see invisible, herbivore, speed 3, slow
metabolism 2
a: no special abilities


You escaped.
You were not hungry.

You visited 1 branch of the dungeon, and saw 1 of its levels.

Inventory:

Hand Weapons
 a - a +1 dagger (weapon)
Armour
 b - a +0 robe (worn)
Books
 c - a book of Maledictions

   Spells                             Type                      Level
   a - Corona                         Hexes                        1
   b - Ensorcelled Hibernation        Hexes/Ice                    2
   c - Confuse                        Hexes                        3
   d - Tukima's Dance                 Hexes                        3
   e - Dazzling Spray                 Conjuration/Hexes            3
Comestibles
 d - a ration


   Skills:
 + Level 1.1 Short Blades
 + Level 3.0 Dodging
 + Level 4.4 Stealth
 + Level 2.7 Spellcasting
 + Level 3.8 Hexes


You had 4 spell levels left.
You knew the following spells:

 Your Spells              Type           Power        Failure   Level  Hunger
a - Corona                Hex            ##.....      4%          1    #......


Dungeon Overview and Level Annotations

Branches:
Dungeon (1/15)

Altars:


Innate Abilities, Weirdness & Mutations

You are very small and have problems with some larger weapons.
You are too small for most types of armour.
You have supernaturally acute eyesight. (SInv)
You are a herbivore.
You cover ground extremely quickly.
You need consume almost no food.


Message History

The hobgoblin closely misses you.
The kraken bites the mummy!
The kraken bites the mummy!!
The mummy is destroyed!
A bat comes into view.
A giant cockroach comes into view.
A goblin comes into view. It is wielding a club.
The helpless giant cockroach fails to defend itself.
You impale the giant cockroach!!
You kill the giant cockroach!
You see here a giant cockroach corpse.
Found a fizzy coppery potion.
There is an open gate here.
There is a staircase leading out of the dungeon here.
Are you sure you want to leave the Dungeon?
This will make you lose the game! [Y]es or [N]o only, please.
Are you sure you want to leave the Dungeon?
This will make you lose the game!
Uppercase [Y]es or [N]o only, please.
Are you sure you want to leave the Dungeon?
This will make you lose the game!
You have escaped!

#. # .. $ .#. .K# #.# .!.. #g#
.. .... ########.# #.. #..#
#.....##g#### #..###..#
#..@..#.....# #...#...#
#.....#..##.#
........######.#######.# .
#.......#....'''....##.##..##
..........#########...........
...#.##.#.#..†.†..#.##.##..###
...#.##.#.#.≈≈≈≈X.#.K..# ....
........#.#.≈≈≈≈≈†#.#### ...
#.##.##†#.#.≈≈≈≈≈.#.# ##


You could see a neutral kraken.

Vanquished Creatures
  A giant cockroach (D:1)
  A goblin (D:1)
2 creatures vanquished.

Vanquished Creatures (others)
  A ghoul (D:1)
  A minotaur (D:1)
  An octopode (D:1)
  A gargoyle (D:1)
  A vine stalker (D:1)
  A spriggan (D:1)
  A formicid (D:1)
  2 vampires (D:1)
  A human (D:1)
  A naga (D:1)
  2 dwarves (D:1)
  A mummy (D:1)
  An orc (D:1)
  9 tentacles (D:1)
24 creatures vanquished.

Grand Total: 26 creatures vanquished

Notes
Turn   | Place    | Note
-------+----------+-------------------------------------------
     0 | D:1      | prawnwizard the Spriggan Enchanter began the quest for the Orb.
     0 | D:1      | Reached XP level 1. HP: 9/9 MP: 5/5
     2 | D:1      | Noticed a dwarf
     2 | D:1      | Noticed a minotaur
     2 | D:1      | Noticed a vampire
     2 | D:1      | Noticed a vampire
     2 | D:1      | Noticed a ghoul
     2 | D:1      | Noticed a dwarf
     2 | D:1      | Noticed a vine stalker
     2 | D:1      | Noticed a kraken
     2 | D:1      | Noticed an octopode
     2 | D:1      | Noticed a human
     2 | D:1      | Noticed a gargoyle
     2 | D:1      | Noticed a spriggan
     2 | D:1      | Noticed a naga
     2 | D:1      | Noticed a formicid
    12 | D:1      | Killed an octopode
    14 | D:1      | Killed a dwarf
    14 | D:1      | Killed a vampire
    16 | D:1      | Killed a minotaur
    17 | D:1      | Killed a naga
    17 | D:1      | Killed a spriggan
    18 | D:1      | Killed a dwarf
    21 | D:1      | Killed a gargoyle
    23 | D:1      | Killed a formicid
    24 | D:1      | Killed a vampire
    24 | D:1      | Killed a ghoul
    26 | D:1      | Killed a vine stalker
    30 | D:1      | Killed a human
    69 | D:$      | Got out of the dungeon alive.

Action                   || total
-------------------------++-------
Melee: Dagger            ||    10
 Stab: Sleeping          ||     1
Armor: Robe              ||     1
Dodge: Dodged            ||     5
